 Dungeon Crawl Stone Soup version 0.32-a0-33-g74fbe469d6 (webtiles) character file.

Game seed: 13862370320044773511

1410878 whatisthis the Slayer (level 25, 255/255 HPs)
             Began as a Black Draconian Conjurer on Jan 18, 2024.
             Was the Champion of Vehumet.
             Escaped with the Orb
             ... and 3 runes on Jan 20, 2024!
             The game lasted 05:41:38 (97262 turns).

whatisthis the Slayer (Black Draconian Conjurer)   Turns: 97262, Time: 05:41:39

Health: 255/255    AC: 21    Str: 15    XL:     25   Next: 68%
Magic:  46/46      EV: 22    Int: 29    God:    Vehumet [******]
Gold:   7037       SH: 24    Dex: 17    Spells: 12/63 levels left

rFire   + + .        Q - staff of Grim Conscience {Int+3 Conj Ice}
rCold   + . .        P - +5 kite shield {AC+3}
rNeg    + . .        (body armour unavailable)
rPois   +            K - +2 hat
rElec   +            V - scarf of the Clam {rC+ rF+, rPois rN+}
rCorr   .            B - +0 pair of gloves of Fytun {rElec Will++ Regen+ MP-9}
SInv    .            R - +2 pair of boots
Will    +++..        y - amulet "Razing" {Reflect Dex+4 SH+5}
Stlth   +            b - ring of Equivalence {rPois MP+9 Int+2 Dex-2}
HPRegen 1.42/turn    U - ring of protection from fire
MPRegen 0.30/turn

%: reflection
@: flying, hasted, studying 3 skills, invisible, very quick
A: breathe lightning, AC +12, unfitting armour, big wings, electricity
resistance, cold-blooded, agile 1, strong 1, teleportitis 1, inability to drink
after injury 1
0: Orb of Zot
}: 3/15 runes: decaying, serpentine, silver
a: Breathe Lightning, Renounce Religion


You escaped.
You worshipped Vehumet.
Vehumet was exalted by your worship.
You visited 10 branches of the dungeon, and saw 47 of its levels.
You also visited: Sewer.

You collected 9003 gold pieces.
You spent 1966 gold pieces at shops.

Inventory:

Hand Weapons
 s - a +1 whip of venom
Missiles
 D - 32 boomerangs
 O - 4 throwing nets
Armour
 c - a +2 cloak of poison resistance
 B - the +0 pair of gloves of Fytun (worn) {rElec Will++ Regen+ MP-9}
   (You acquired it on level 3 of the Swamp)

   rElec:     It insulates you from electricity.
   Will++:    It greatly increases your willpower.
   MP-9:      It affects your magic capacity (-9).
   Regen+:    It increases your rate of health regeneration.
 K - a +2 hat (worn)
 P - a +5 kite shield of protection (worn)
 R - a +2 pair of boots (worn)
 V - the scarf of the Clam (worn) {rC+ rF+, rPois rN+}
   (You acquired it on level 5 of the Vaults)

   rPois:     It protects you from poison rN+: It protects you from negative
   energy.
Magical Staves
 Q - the staff of Grim Conscience (weapon) {Int+3 Conj Ice}
   (You found it on level 5 of the Vaults)

   [staff of conjuration]

   Base accuracy: +5 Base damage: 5 Base attack delay: 1.2 This weapon's minimum
   attack delay (0.6) is reached at skill level 12.
   Int+3:     It affects your intelligence (+3).
   Conj:      It increases the power of your Conjurations spells.
   Ice:       It increases the power of your Ice spells.
   It falls into the 'Staves' category.
   It is a one-handed weapon.
Jewellery
 b - the ring of Equivalence (left hand) {rPois MP+9 Int+2 Dex-2}
   (You found it on level 2 of the Depths)

   [ring of poison resistance]

   Int+2:     It affects your intelligence (+2).
   Dex-2:     It affects your dexterity (-2).
   rPois:     It protects you from poison MP+9: It affects your magic capacity
   (+9).
 f - a ring of wizardry
 m - the ring "Omaurgh" {rPois rC+ rCorr Int+2}
   (You bought it in a shop on level 1 of the Snake Pit)

   [ring of poison resistance]

   Int+2:     It affects your intelligence (+2).
   rC+:       It protects you from cold.
   rPois:     It protects you from poison rCorr: It protects you from acid and
   corrosion.
 o - a ring of see invisible
 y - the amulet "Razing" (around neck) {Reflect Dex+4 SH+5}
   (You acquired it on level 5 of the Lair of Beasts)

   [amulet of reflection]

   Reflect:   It reflects blocked missile attacks.
   Dex+4:     It affects your dexterity (+4).
   SH+5:      It affects your SH (+5).
 G - a ring of resist corrosion
 L - a +6 ring of intelligence
 U - a ring of protection from fire (right hand)
Wands
 F - a wand of roots (44)
 J - a wand of digging (7)
 M - a wand of quicksilver (25)
 N - a wand of charming (19)
 T - a wand of mindburst (28)
 Y - a wand of polymorph (21)
Scrolls
 h - 7 scrolls of teleportation
 i - 6 scrolls of vulnerability
 k - 6 scrolls of revelation
 q - 3 scrolls of silence
 r - 8 scrolls of noise
 t - 5 scrolls of fog
 u - 9 scrolls of poison
 v - 4 scrolls of amnesia
 I - 5 scrolls of fear
 X - a scroll of brand weapon
Potions
 a - 2 potions of magic
 g - a potion of enlightenment
 j - 15 potions of curing
 n - 3 potions of heal wounds
 p - 7 potions of lignification
 w - 4 potions of ambrosia
 x - 8 potions of might
 z - 2 potions of brilliance
 C - 2 potions of resistance
 E - 15 potions of attraction
 H - 7 potions of cancellation
Miscellaneous
 S - a phantom mirror
 Z - a lightning rod (4/4)


   Skills:
 + Level 26.4 Fighting
 + Level 17.2 Dodging
 - Level 1.7 Stealth
 + Level 15.3 Shields
 - Level 19.5 Spellcasting
 - Level 22.9 Conjurations
 - Level 17.8 Air Magic


You had 12 spell levels left.
You knew the following spells:

 Your Spells              Type           Power      Damage    Failure   Level
a - Magic Dart            Conj           100%       1d8       0%          1
b - Searing Ray           Conj           100%       2d8       0%          2
c - Fulminant Prism       Conj/Alch      48%        3d20      1%          4
d - Iskenderun's Mystic   Conj/Tloc      97%        2d19      1%          4
e - Irradiate             Conj/Alch      48%        3d27      1%          5
f - Orb of Destruction    Conj           63%        9d15      1%          7
g - Airstrike             Air            46%        2d(7-23)  0%          4
h - Conjure Ball Lightni  Conj/Air       60%        3x3d22    1%          6
i - Arcjolt               Conj/Air       60%        1d70      0%          5
j - Freezing Cloud        Conj/Ice/Air   63%        6-21      1%          5
k - Bombard               Conj/Erth      48%        9d8       1%          6
l - Blink                 Tloc           56%        N/A       3%          2

Your spell library contained the following spells:

 Spells                   Type           Power      Damage    Failure   Level
 Maxwell's Capacitive Co  Air            46%        ∞         3%          8
 Shatter                  Erth           14%        3d14*     100%        9
 Kiss of Death            Conj/Necr      100%       2d13      0%          1
 Shock                    Conj/Air       100%       1d9       0%          1
 Sting                    Conj/Alch      100%       1d9       0%          1
 Swiftness                Air            93%        N/A       0%          3
 Iskenderun's Battlesphe  Conj           100%       2d15      0%          5
 Freeze                   Ice            100%       1d10      1%          1
 Sandblast                Erth           56%        2d13      1%          1
 Momentum Strike          Conj/Tloc      100%       3d10      1%          2
 Scorch                   Fire           56%        2d7       1%          2
 Hailstorm                Conj/Ice       100%       3d16      1%          3
 Stone Arrow              Conj/Erth      100%       3d13      1%          3
 Brom's Barrelling Bould  Conj/Erth      97%        2d11      1%          4
 Flame Wave               Conj/Fire      97%        2d20      1%          4
 Fireball                 Conj/Fire      48%        3d19      1%          5
 Starburst                Conj/Fire      48%        6d13      1%          6
 Apportation              Tloc           56%        N/A       2%          1
 Necrotise                Necr           100%       1d9       2%          1
 Slow                     Hex            100%       N/A       2%          1
 Summon Small Mammal      Summ           100%       N/A       2%          1
 Frozen Ramparts          Ice            84%        1d13      2%          3
 Inner Flame              Hex/Fire       28%        N/A       2%          3
 Ensorcelled Hibernation  Hex/Ice        84%        N/A       3%          2
 Lesser Beckoning         Tloc           56%        N/A       3%          2
 Spellforged Servitor     Conj/Summ      48%        N/A       5%          7
 Ignite Poison            Fire/Alch      28%        N/A       7%          4
 Olgreb's Toxic Radiance  Alch           28%        N/A       7%          4
 Sticky Flame             Fire/Alch      28%        2d7       7%          4
 Call Canine Familiar     Summ           28%        N/A       8%          3
 Confusing Touch          Hex            28%        N/A       8%          3
 Gell's Gravitas          Tloc           28%        N/A       8%          3
 Ozocubu's Armour         Ice            42%        N/A       8%          3
 Passwall                 Erth           28%        N/A       8%          3
 Sigil of Binding         Hex            28%        N/A       8%          3
 Teleport Other           Tloc           28%        N/A       8%          3
 Tukima's Dance           Hex            28%        N/A       8%          3
 Vampiric Draining        Necr           28%        2d8       8%          3
 Chain Lightning          Conj/Air       60%        3d80      16%         9
 Lee's Rapid Deconstruct  Erth           14%        3d9*      17%         5
 Animate Dead             Necr           28%        N/A       24%         4
 Dimensional Bullseye     Hex/Tloc       14%        N/A       24%         4
 Leda's Liquefaction      Alch/Erth      14%        N/A       24%         4
 Martyr's Knell           Necr/Summ      28%        N/A       24%         4
 Petrify                  Alch/Erth      28%        N/A       24%         4
 Summon Blazeheart Golem  Fire/Summ      28%        N/A       24%         4
 Borgnjor's Vile Clutch   Necr/Erth      14%        N/A       56%         5
 Curse of Agony           Necr           28%        N/A       56%         5
 Metabolic Englaciation   Hex/Ice        21%        N/A       56%         5
 Death Channel            Necr           14%        N/A       98%         6
 Dispersal                Tloc           14%        N/A       98%         6
 Sculpt Simulacrum        Ice/Alch       21%        N/A       98%         6
 Summon Cactus Giant      Summ           14%        N/A       98%         6
 Ozocubu's Refrigeration  Ice            21%        4d12      99%         7
 Haunt                    Necr/Summ      14%        N/A       100%        7
 Malign Gateway           Summ/Tloc      14%        N/A       100%        7
 Discord                  Hex            14%        N/A       100%        8
 Ignition                 Fire           14%        3d6       100%        8
 Infestation              Necr           14%        N/A       100%        8
 Summon Horrible Things   Summ           14%        N/A       100%        8


Dungeon Overview and Level Annotations

Branches:
Dungeon (15/15)            Temple (1/1) D:7            Lair (5/5) D:8
  Swamp (4/4) Lair:3        Snake (4/4) Lair:2        Slime (0/5) Lair:4
    Orc (2/2) D:12            Elf (2/3) Orc:2        Vaults (5/5) D:14
  Crypt (0/3) Vaults:2     Depths (4/4) D:15            Zot (5/5) Depths:4
  Sewer (visited)

Altars:
Ashenzari
Cheibriados
Dithmenos
Elyvilon
Fedhas
Gozag
Hepliaklqana
Kikubaaqudgha
Makhleb
Nemelex Xobeh
Okawaru
Qazlal
Ru
Sif Muna
Trog
Uskayaw
Vehumet
Wu Jian
Xom
Yredelemnul
Zin
The Shining One
Jiyva

Shops:
D:1 [   D:13 :   D:14 :   Orc:2 :(**   Elf:2 [   Snake:1 ==:=   Vaults:1 (
Vaults:3 [   Depths:1 ((:   Depths:2 *

Portals:
Hell: Depths:1 Depths:2 Depths:3 Depths:4
Abyss: Vaults:1 Depths:1 Depths:2 Depths:3
Pandemonium: Depths:2
Ziggurat: Depths:3
Trove: Vaults:4 (give +3 ice dragon scales)

Annotations:
D:9 4 transporters
Lair:1 3 runed translucent doors, gummybears's ghost, journeyman MiFi
Snake:1 6 transporters
Elf:2 3 runed translucent doors
Vaults:1 2 transporters, exclusion: 3 doors
Depths:1 1 runed translucent door
Depths:2 2 runed translucent doors
Depths:3 Vv


Innate Abilities, Weirdness & Mutations

You can breathe wild blasts of lightning.
Your glossy black scales are hard. (AC +12)
You cannot fit into any form of body armour.
Your large and strong wings let you fly.
You are resistant to electric shocks. (rElec)
You are cold-blooded and may be slowed by cold attacks.
You are agile. (Dex +4, Str/Int -1)
Your muscles are strong. (Str +4, Int/Dex -1)
You are occasionally teleported next to monsters.
You occasionally lose the ability to drink potions when taking damage.


Message History

This square is covered in magical glow.
The rock shatters into small pieces.
There is a stone staircase leading up, spattered with blood here.
You fly upwards.
There is a stone staircase leading down here.
You see here a +0 club.
There is an open door here.
There is a stone staircase leading up, spattered with blood here.
You fly upwards.
There is a stone staircase leading down here.
There is a stone staircase leading up here.
You fly upwards.
There is a stone staircase leading down here.
You see here 5 stones.
There is a stone staircase leading up here.
You fly upwards.
There is a stone staircase leading down here.
HP restored.
There is a stone staircase leading up here.
You fly upwards.
There is a stone staircase leading down here.
Aiming: Dig
Press: ? - help, Shift-Dir - straight line A rock wall.
This square is covered in magical glow.
The rock shatters into small pieces.
There is a stone staircase leading up here.
You fly upwards.
There is a stone staircase leading down here.
An orange demon comes into view.
You feel yourself speed up.
The orange demon screeches!
You fade into invisibility!
Aiming: Dig
Press: ? - help, Shift-Dir - straight line A rock wall.
This square is covered in magical glow.
The rock shatters into small pieces.
There is a staircase leading out of the dungeon here.
You have escaped!

###.#.#......####.#.# #........#
# #.#...............# #..).....#
# #.#.#...##.####.### #........#
# #........#.####.# #......(.# #
#...#....#......######........#
#>............................#
#........#############........#
####.#####.####............######
#........#......@................
...#.###.####....##'####...######
.....#...# #.#..##...##...####..
.....#.### #.#..#.###.#........#
....##.# #.#..#.#8#.#....##..#
#.#....# #.#..#.'##.#....##..#
#.######### #.#..##...##..####..#
#.........# #.#..#######..# ##..
#########.###.#...........# #.#


There were no monsters in sight!

Vanquished Creatures
  7 ancient liches (Zot:5)
  Mara (Vaults:2)
  2 dread liches (Zot:5)
  4 orbs of fire
  Sojobo (Vaults:2)
  9 Killer Klowns
  Vashnia (Snake:4)
  A curse toe (Zot:5)
  11 golden dragons
  A profane servitor (Vaults:1)
  4 electric golems
  Rupert (D:12)
  An Ice Fiend (Zot:3)
  23 tentacled monstrosities
  Jorgrun (D:14)
  26 Orb Guardians
  5 titans (Vaults:5)
  8 quicksilver dragons
  4 liches
  10 sphinxes
  10 death cobs
  Agnes (Elf:1)
  2 thorn hunters
  10 shadow dragons
  Aizul (Snake:1)
  9 protean progenitors
  Roxanne (Snake:2)
  4 tengu reavers
  2 rockslimes (D:15)
  10 storm dragons
  10 draconian monks
  6 draconian knights
  4 iron dragons
  10 draconian shifters
  8 fire giants
  6 nagarajas
  The ghost of Wonk the Warrior, an adept GrCj of Vehumet (D:15)
  5 frost giants
  14 vault wardens
  3 deep elf sorcerers
  3 ghost moths
  8 draconian scorchers
  12 ironbound preservers
  9 draconian stormcallers
  A cacodemon (Vaults:1)
  12 stone giants
  17 very ugly things
  8 ironbound thunderhulks
  6 draconian annihilators
  Nessos (Lair:3)
  9 green draconians
  4 formless jellyfish
  A deep elf death mage (Elf:1)
  8 eleionomae
  11 yellow draconians
  4 deep elf demonologists
  6 vampire knights
  5 bunyips
  5 war gargoyles
  14 black draconians
  11 white draconians
  2 deep elf annihilators
  13 dire elephants
  12 red draconians
  15 spark wasps
  16 purple draconians
  14 ettins
  A merfolk javelineer (Depths:2)
  A shambling mangrove (Swamp:4)
  A crystal guardian (Vaults:4)
  9 fire dragons
  2 blizzard demons (Zot:1)
  3 entropy weavers
  A merfolk impaler (Depths:2)
  A quicksilver dragon zombie (D:15)
  10 ice dragons
  Josephine (D:15)
  13 yaktaur captains
  5 great orbs of eyes
  A quicksilver dragon skeleton (Depths:2)
  2 catoblepae
  6 alligators
  20 hydras
  2 spriggan air magi
  8 centaur warriors
  3 peacekeepers (Vaults:4)
  38 vault guards
  4 rakshasas
  4 jorogumos
  5 death knights
  6 boulder beetles
  4 salamander tyrants
  2 ogre magi
  6 two-headed ogres
  6 ironbound frosthearts
  11 dancing weapons
  3 deep troll earth magi
  A two-headed ogre (shapeshifter) (Vaults:3)
  10 anacondas
  2 vampire magi
  18 naga warriors
  4 deep troll shamans
  An occultist (D:13)
  18 naga sharpshooters
  4 spriggan berserkers
  8 tengu warriors
  4 death yaks
  6 orc high priests
  5 shock serpents
  7 spriggans
  A sun demon (Depths:4)
  13 deep elf knights
  3 iron trolls
  7 salamander mystics
  2 skysharks
  A fire crab (shapeshifter) (Vaults:5)
  4 skeletal warriors
  12 deep trolls
  2 storm dragon skeletons (D:15)
  6 goliath frogs
  4 naga ritualists
  4 spriggan druids
  A mana viper (shapeshifter) (Vaults:1)
  5 glowing orange brains
  3 flayed ghosts
  4 bog bodies
  12 arcanists
  10 swamp dragons
  11 lindwurms
  3 orb spiders (Zot:5)
  20 ironbound convokers
  12 mana vipers
  5 phantasmal warriors
  An orc knight (Orc:2)
  A steelbarb worm (shapeshifter) (Depths:3)
  9 deep elf archers
  2 golden dragon skeletons (Depths:2)
  A harpy (shapeshifter) (D:13)
  10 harpies
  27 deep elf pyromancers
  4 orc sorcerers
  A fire giant zombie (Depths:2)
  35 ugly things
  17 deep elf zephyrmancers
  3 manticores
  5 necromancers
  An alligator zombie (Swamp:4)
  3 wolf spiders (Zot:2)
  A faun (shapeshifter) (Vaults:5)
  26 salamanders
  2 will-o-the-wisps
  5 cyclopes
  4 meliai
  11 guardian serpents
  23 moths of wrath
  34 black mambas
  A meliai (shapeshifter) (D:13)
  4 kobold blastminers
  17 naga magi
  A black mamba (shapeshifter) (Elf:2)
  A torpor snail (Lair:4)
  17 vault sentinels
  A water nymph (shapeshifter) (Depths:2)
  An apocalypse crab (Vaults:1)
  12 elephants
  An eye of devastation (D:15)
  A large abomination (Vaults:1)
  4 gargoyles
  6 unseen horrors
  16 cane toads
  Maggie (D:8)
  Jeremiah (D:9)
  4 rime drakes
  13 komodo dragons
  5 unseen horror zombies (D:9)
  26 yaktaurs
  6 tengu conjurers
  A rime drake (shapeshifter) (D:13)
  An efreet (D:13)
  A bunyip simulacrum (Swamp:4)
  4 freezing wraiths
  2 ice devils (Orc:2)
  A wolf spider (shapeshifter) (Vaults:5)
  9 tyrant leeches
  6 trolls
  10 hornets
  29 blink frogs
  Sigmund (D:3)
  2 glass eyes
  3 air elementals
  7 dream sheep (Lair:2)
  A jumping spider (shapeshifter) (D:15)
  A spriggan (shapeshifter) (D:14)
  24 slime creatures
  A centaur simulacrum (D:15)
  3 water elementals
  10 wraiths
  2 shadows (D:13)
  4 wyverns
  Eustachio (D:6)
  39 yaks
  8 humans
  4 fire elementals
  8 golden eyes
  4 redbacks
  3 basilisks
  A human (shapeshifter) (Vaults:5)
  A redback (shapeshifter) (Vaults:5)
  3 wargs (Orc:1)
  14 vampire mosquitoes
  Menkaure (D:4)
  A spriggan simulacrum (Depths:2)
  42 nagas
  13 swamp worms
  2 acid dragons
  A hydra simulacrum (Swamp:4)
  9 water moccasins
  28 orc warriors
  2 black bears
  2 laughing skulls (D:15)
  7 swamp drakes
  3 ice beasts
  A sky beast (D:6)
  2 swamp dragon zombies (Swamp:4)
  4 boggarts
  3 ogres
  8 wolves
  7 centaurs
  4 earth elementals
  A gnoll sergeant (D:13)
  2 kobold brigands
  14 bullfrogs
  9 wights
  A swamp dragon simulacrum (Swamp:4)
  8 killer bees (D:10)
  10 electric eels
  8 howler monkeys
  A bombardier beetle (D:5)
  4 centaur zombies (D:9)
  3 jellies (D:6)
  A hound (D:5)
  31 orc priests
  17 iguanas
  Ijyb (D:5)
  39 orc wizards
  3 howler monkey zombies (D:9)
  3 gnolls (D:5)
  11 adders
  3 river rats
  2 white imps
  2 dart slugs (D:4)
  2 ribbon worms
  102 orcs
  5 ball pythons
  4 bats
  7 endoplasms
  4 giant cockroaches
  5 hobgoblins
  10 jackals
  6 quokkas
  18 frilled lizards
  6 goblins
  15 kobolds
  9 rats
  2 ball lightnings
1960 creatures vanquished.

Vanquished Creatures (collateral kills)
  2 tentacled monstrosities
  A protean progenitor (Zot:5)
  A fire giant (Vaults:5)
  A stone giant (Vaults:5)
  A deep elf high priest (Vaults:5)
  An ironbound convoker (Vaults:5)
  A moth of wrath (Zot:5)
  A tyrant leech (Zot:5)
  An aspiring flesh (Zot:5)
  69 ball lightnings
79 creatures vanquished.

Vanquished Creatures (others)
  The ghost of whatisthis the Warrior, an adept DrCj of Vehumet (Vaults:1)
  A yaktaur captain (Vaults:5)
  A deep elf pyromancer (Elf:2)
  A naga mage (Snake:4)
  A bloated husk (Swamp:1)
  3 water elementals (Elf:2)
  A human (D:8)
  814 ball lightnings
  4 foxfires
  106 fulminant prisms
933 creatures vanquished.

Grand Total: 2972 creatures vanquished

Notes
Turn   | Place    | Note
-------+----------+-------------------------------------------
     0 | D:1      | whatisthis the Draconian Conjurer began the quest for the
                  | Orb.
     0 | D:1      | Reached XP level 1. HP: 14/14 MP: 3/3
   479 | D:1      | Found Iryot's Armour Shop.
   486 | D:1      | Reached XP level 2. HP: 20/20 MP: 5/5
   545 | D:1      | Learned a level 2 spell: Searing Ray
  1097 | D:2      | Reached XP level 3. HP: 26/26 MP: 7/7
  1561 | D:2      | Reached XP level 4. HP: 33/33 MP: 8/8
  2099 | D:3      | Reached skill level 5 in Conjurations
  2254 | D:3      | Noticed Sigmund
  2267 | D:3      | Killed Sigmund
  2268 | D:3      | Reached XP level 5. HP: 29/38 MP: 8/11
  2268 | D:3      | Reached XP level 6. HP: 35/45 MP: 8/12
  2483 | D:3      | Found a bloodstained altar of Trog.
  2555 | D:3      | Found a faded altar of an unknown god.
  2824 | D:3      | Found a basalt altar of Yredelemnul.
  2827 | D:3      | Found a blossoming altar of Fedhas.
  2830 | D:3      | Found a hazy altar of Hepliaklqana.
  2842 | D:3      | Found a glowing golden altar of the Shining One.
  3135 | D:4      | Noticed Menkaure
  3809 | D:4      | Found a shadowy altar of Dithmenos.
  3858 | D:4      | Killed Menkaure
  3859 | D:4      | Reached skill level 5 in Spellcasting
  3960 | D:4      | Your scales start taking on a glossy black colour.
  3960 | D:4      | Reached XP level 7. HP: 50/50 MP: 14/14
  3960 | D:4      | Gained mutation: You are resistant to electric shocks.
                  | (rElec) [Black Draconian growth]
  4022 | D:5      | Entered Level 5 of the Dungeon
  4150 | D:5      | Found a glowing drain.
  4171 | Sewer    | Entered a sewer
  4760 | D:5      | Reached XP level 8. HP: 52/57 MP: 17/17
  5025 | D:5      | Noticed Ijyb
  5038 | D:5      | Killed Ijyb
  5883 | D:6      | Noticed Eustachio
  6201 | D:5      | Reached XP level 9. HP: 50/62 MP: 21/21
  6534 | D:6      | Killed Eustachio
  6795 | D:6      | Identified a scroll of acquirement
  6797 | D:6      | Acquired a staff of conjuration
  6805 | D:6      | Learned a level 4 spell: Fulminant Prism
  6810 | D:6      | Learned a level 4 spell: Iskenderun's Mystic Blast
  6866 | D:7      | Found a staircase to the Ecumenical Temple.
  6925 | Temple   | Entered the Ecumenical Temple
  6935 | Temple   | Became a worshipper of Vehumet
  7256 | D:7      | Reached skill level 10 in Conjurations
  8070 | D:8      | Identified the +1 sling "Gusar" {flame, rPois rF+ SInv}
  8383 | D:8      | Noticed Maggie
  8389 | D:8      | Killed Maggie
  8389 | D:8      | Reached * piety under Vehumet
  8389 | D:8      | Offered knowledge of Freeze by Vehumet.
  8646 | D:8      | Found a staircase to the Lair.
  8745 | D:8      | Reached XP level 10. HP: 69/69 MP: 23/23
  8947 | D:8      | Found an ancient bone altar of Kikubaaqudgha.
  9393 | D:8      | Reached skill level 10 in Spellcasting
  9506 | D:9      | Reached skill level 1 in Fighting
  9614 | D:9      | Reached skill level 2 in Fighting
  9768 | D:9      | Reached skill level 3 in Fighting
  9977 | D:9      | Found a transporter.
  9977 | D:9      | Found a transporter.
  9979 | D:9      | Found a transporter.
 10062 | D:9      | Reached skill level 4 in Fighting
 10282 | D:9      | Reached skill level 5 in Fighting
 10452 | D:9      | Noticed a two-headed ogre
 10463 | D:9      | Killed a two-headed ogre
 10464 | D:9      | Reached skill level 5 in Dodging
 10596 | D:9      | Reached skill level 6 in Fighting
 10602 | D:9      | Reached ** piety under Vehumet
 10602 | D:9      | Offered knowledge of Mercury Vapours by Vehumet.
 10603 | D:9      | Reached XP level 11. HP: 74/89 MP: 5/25
 10935 | D:9      | Found a transporter.
 10975 | D:9      | Identified the +9 dagger of Haacsum {freeze, *Rage Str+4}
 11009 | D:9      | Noticed Jeremiah
 11022 | D:9      | Killed Jeremiah
 11414 | D:10     | Entered Level 10 of the Dungeon
 11570 | D:10     | Reached skill level 7 in Fighting
 12231 | D:10     | Found a shimmering blue altar of Sif Muna.
 12835 | D:11     | Identified the +0 flail of Parts Unknown {speed, rN+}
 12864 | D:11     | Reached skill level 8 in Fighting
 13853 | D:11     | Offered knowledge of Momentum Strike by Vehumet.
 13854 | D:11     | Reached skill level 9 in Fighting
 13998 | D:11     | Learned a level 5 spell: Irradiate
 14003 | D:12     | Noticed a skeletal warrior
 14165 | Lair:1   | Entered Level 1 of the Lair of Beasts
 14410 | Lair:1   | Reached *** piety under Vehumet
 14567 | D:8      | Reached skill level 1 in Air Magic
 14709 | Lair:1   | Reached XP level 12. HP: 72/105 MP: 19/26
 15323 | Lair:1   | Offered knowledge of Hailstorm by Vehumet.
 15328 | Lair:1   | Learned a level 3 spell: Hailstorm
 15598 | Lair:1   | Found a runed translucent gate.
 15598 | Lair:1   | Found a runed translucent gate.
 15598 | Lair:1   | Found a runed translucent gate.
 15606 | Lair:1   | Noticed gummybears's ghost (journeyman MiFi)
 15748 | Lair:1   | Reached skill level 5 in Air Magic
 17064 | Lair:2   | Reached **** piety under Vehumet
 17073 | Lair:2   | Offered knowledge of Airstrike by Vehumet.
 17086 | Lair:2   | Learned a level 4 spell: Airstrike
 17293 | Lair:2   | Found a staircase to the Snake Pit.
 17569 | Lair:2   | Noticed a five-headed hydra
 17579 | Lair:2   | Killed a five-headed hydra
 17685 | Lair:2   | Noticed a catoblepas
 17709 | Lair:2   | Killed a catoblepas
 18435 | Lair:3   | Noticed Nessos
 18443 | Lair:3   | Killed Nessos
 18444 | Lair:3   | Reached XP level 13. HP: 36/111 MP: 17/28
 18820 | Lair:3   | Found a staircase to the Swamp.
 20391 | Lair:4   | Found a staircase to the Slime Pits.
 21294 | Lair:5   | Entered Level 5 of the Lair of Beasts
 21722 | Lair:5   | Reached ***** piety under Vehumet
 22053 | Lair:5   | Offered knowledge of Eringya's Noxious Bog by Vehumet.
 22740 | Lair:5   | Reached skill level 10 in Air Magic
 23094 | Lair:5   | Gained mutation: Your large and strong wings let you fly.
                  | [Black Draconian growth]
 23094 | Lair:5   | Reached XP level 14. HP: 80/118 MP: 5/31
 23795 | Lair:5   | Acquired the amulet "Razing" {Reflect Dex+4 SH+5}
 24200 | D:12     | Noticed Rupert
 25925 | D:12     | Found a staircase to the Orcish Mines.
 25942 | D:12     | Offered knowledge of Conjure Ball Lightning by Vehumet.
 25965 | D:12     | Learned a level 6 spell: Conjure Ball Lightning
 26239 | D:12     | Killed Rupert
 26516 | D:13     | Reached skill level 15 in Conjurations
 26658 | D:13     | Found Ennawor's Tremendous Tomes.
 28791 | D:13     | Reached XP level 15. HP: 109/125 MP: 9/33
 29008 | D:13     | Noticed a shadow dragon
 29545 | D:13     | Killed a shadow dragon
 30771 | D:14     | Noticed Jorgrun
 30781 | D:14     | Killed Jorgrun
 30782 | D:14     | Reached skill level 10 in Fighting
 30936 | D:14     | Offered knowledge of Arcjolt by Vehumet.
 31345 | D:14     | Found Tocvyi's Book Emporium.
 31856 | D:14     | Found a gate to the Vaults.
 32041 | D:15     | Entered Level 15 of the Dungeon
 32058 | D:15     | Reached skill level 1 in Shields
 32068 | D:15     | Noticed Josephine
 32071 | D:15     | Killed Josephine
 32263 | D:14     | Learned a level 5 spell: Arcjolt
 32510 | D:15     | Found a broken altar of Ashenzari.
 32543 | D:15     | Reached skill level 11 in Fighting
 32872 | D:15     | Found a staircase to the Depths.
 32944 | D:15     | Found a runed translucent gate.
 32944 | D:15     | Found a runed translucent gate.
 32945 | D:15     | Found a runed translucent gate.
 32945 | D:15     | Noticed a rockslime
 32946 | D:15     | Noticed Wonk's ghost (adept GrCj)
 32947 | D:15     | Noticed a rockslime
 33185 | D:15     | Found a viscous altar of Jiyva.
 33629 | Orc:1    | Entered Level 1 of the Orcish Mines
 33749 | Orc:2    | Entered Level 2 of the Orcish Mines
 33813 | Orc:2    | Found a staircase to the Elven Halls.
 33855 | Orc:1    | Found a radiant altar of Vehumet.
 34742 | Orc:2    | Reached skill level 10 in Dodging
 35715 | Orc:2    | Reached ****** piety under Vehumet
 35793 | Orc:2    | Found Jesapeat's Book Shoppe.
 35793 | Orc:2    | Found Jups's General Store.
 35793 | Orc:2    | Found Humu's Weapon Shoppe.
 35796 | Orc:2    | Found Ygokk's General Store.
 36222 | Orc:2    | Bought a scroll of blinking for 105 gold pieces
 36222 | Orc:2    | Bought a potion of heal wounds for 70 gold pieces
 36222 | Orc:2    | Bought a potion of enlightenment for 70 gold pieces
 36222 | Orc:2    | Bought a potion of enlightenment for 70 gold pieces
 36226 | Orc:2    | Bought a scroll of identify for 26 gold pieces
 36226 | Orc:2    | Bought a scroll of identify for 26 gold pieces
 36226 | Orc:2    | Bought a scroll of identify for 26 gold pieces
 36346 | Elf:1    | Entered Level 1 of the Elven Halls
 36350 | Elf:1    | Reached XP level 16. HP: 123/139 MP: 34/34
 36352 | Elf:1    | Reached skill level 5 in Shields
 36353 | Elf:1    | Reached skill level 12 in Fighting
 36833 | Elf:1    | Offered knowledge of Plasma Beam by Vehumet.
 37445 | Elf:1    | Noticed Agnes
 37454 | Elf:1    | Killed Agnes
 37929 | Elf:1    | Found a radiant altar of Vehumet.
 38273 | Elf:1    | Got the Grimoire of Blasting and Mustering
 38613 | Elf:1    | Upgraded the game from 0.32-a0-22-g6ae6769602 to
                  | 0.32-a0-30-gefbe487952
 38663 | Elf:2    | Reached skill level 13 in Fighting
 39005 | Elf:2    | Paralysed by an air elemental for 1 turns
 39447 | Elf:2    | Identified the +6 hand axe of Lazoh {venom, Int+2}
 40068 | Elf:2    | Offered knowledge of Iskenderun's Battlesphere by Vehumet.
 40074 | Elf:2    | Noticed an Ice Fiend
 40595 | Swamp:1  | Entered Level 1 of the Swamp
 40599 | Swamp:1  | Reached skill level 14 in Fighting
 41676 | Swamp:2  | Reached XP level 17. HP: 144/154 MP: 34/35
 43237 | Swamp:2  | Reached skill level 15 in Spellcasting
 43888 | Swamp:4  | Entered Level 4 of the Swamp
 44004 | Swamp:3  | Reached skill level 15 in Fighting
 44234 | Swamp:4  | Offered knowledge of Freezing Cloud by Vehumet.
 44241 | Swamp:4  | Learned a level 5 spell: Freezing Cloud
 45519 | Swamp:3  | Acquired the +0 pair of gloves of Fytun {rElec Will++
                  | Regen+ MP-9}
 45710 | Swamp:4  | Got a decaying rune of Zot
 46337 | Elf:2    | Found Tuonkuebb's Antique Armour Emporium.
 46527 | Elf:2    | Bought a runed hat for 217 gold pieces
 46536 | Elf:2    | Bought a pair of runed boots for 232 gold pieces
 46700 | Elf:2    | Found a runed translucent gate.
 46700 | Elf:2    | Found a runed translucent gate.
 46700 | Elf:2    | Found a runed translucent gate.
 47238 | Snake:1  | Entered Level 1 of the Snake Pit
 47565 | Snake:1  | Found a transporter.
 47568 | Snake:1  | Found a transporter.
 47819 | Snake:1  | Offered knowledge of Bombard by Vehumet.
 47827 | Snake:1  | Learned a level 6 spell: Bombard
 47939 | Snake:1  | Found a transporter.
 47942 | Snake:1  | Found a transporter.
 48548 | Snake:1  | Found Yssivac's Jewellery Boutique.
 48549 | Snake:1  | Found Muohis's Book Shoppe.
 48550 | Snake:1  | Found Zubb's Jewellery Boutique.
 48590 | Snake:1  | Found a transporter.
 48595 | Snake:1  | Found a transporter.
 48782 | Snake:1  | Identified the serpent talisman of Honour {rElec rF+}
 48782 | Snake:1  | Noticed Aizul
 48789 | Snake:1  | Killed Aizul
 48790 | Snake:1  | Reached skill level 16 in Fighting
 48965 | Snake:1  | Found Toh Mehu's Jewellery Emporium.
 49276 | Snake:1  | Bought the ring "Omaurgh" {rPois rC+ rCorr Int+2} for 744
                  | gold pieces
 49455 | Snake:2  | Noticed Roxanne
 49608 | Snake:2  | Killed Roxanne
 50568 | Snake:2  | Reached XP level 18. HP: 166/166 MP: 30/37
 54156 | Snake:3  | Offered knowledge of Shatter by Vehumet.
 54156 | Snake:3  | Offered knowledge of Chain Lightning by Vehumet.
 54156 | Snake:3  | Offered knowledge of Maxwell's Capacitive Coupling by
                  | Vehumet.
 54358 | Snake:3  | Learned a level 7 spell: Orb of Destruction
 54400 | Snake:4  | Entered Level 4 of the Snake Pit
 54400 | Snake:4  | Noticed Vashnia
 54406 | Snake:3  | HP: 4/168 [poisoned by Vashnia (splash of poison)]
 54570 | Snake:4  | Reached skill level 17 in Fighting
 55732 | Snake:4  | Killed Vashnia
 56052 | Snake:4  | Reached XP level 19. HP: 178/178 MP: 7/40
 57397 | Snake:4  | Got a serpentine rune of Zot
 57996 | Vaults:1 | Entered Level 1 of the Vaults
 58004 | Vaults:1 | Reached skill level 18 in Fighting
 58649 | Vaults:1 | Found a transporter.
 58659 | Vaults:1 | Noticed whatisthis's ghost (adept DrCj)
 58668 | Vaults:1 | Found a one-way gate to the infinite horrors of the Abyss.
 59063 | Vaults:1 | Found Fowut's Weapon Shop.
 59070 | Vaults:1 | Noticed a profane servitor
 59079 | Vaults:1 | Killed a profane servitor
 60488 | Vaults:1 | Killed whatisthis's ghost
 60878 | Vaults:2 | Noticed Sojobo
 60887 | Vaults:2 | Killed Sojobo
 61883 | Vaults:2 | Found a staircase to the Crypt.
 62441 | Vaults:2 | Reached XP level 20. HP: 176/189 MP: 28/42
 62749 | Vaults:2 | Noticed Mara
 62754 | Vaults:2 | Noticed whatisthis's illusion
 62779 | Vaults:2 | Killed Mara
 63162 | Vaults:3 | Reached skill level 19 in Fighting
 63162 | Vaults:3 | Reached skill level 15 in Air Magic
 63207 | Vaults:3 | Found the +8 autumn katana {manifold assault}
 63555 | Vaults:3 | Found Buleh's Antique Armour Emporium.
 65863 | Vaults:4 | Noticed a golden dragon
 67424 | Vaults:4 | Killed a golden dragon
 68137 | Vaults:4 | Reached XP level 21. HP: 200/200 MP: 39/43
 68166 | Vaults:4 | Found a portal to a secret trove of treasure.
 68349 | Depths:1 | Entered Level 1 of the Depths
 68464 | D:15     | Reached skill level 20 in Fighting
 69208 | Depths:1 | Found a gateway to Hell.
 69312 | Depths:1 | Found Xofe's Book Boutique.
 69314 | Depths:1 | Found Fuomeghu's Antique Weapon Shop.
 69316 | Depths:1 | Found Keori's Antique Weapon Boutique.
 69347 | Depths:1 | Found a runed translucent door.
 69745 | Depths:2 | Found a runed translucent door.
 69986 | Depths:2 | Found a runed translucent door.
 69997 | Depths:2 | Found a runed translucent door.
 69997 | Depths:2 | Found a runed translucent door.
 70199 | Depths:2 | Identified the ring of Equivalence {rPois MP+9 Int+2 Dex-2}
 70227 | Depths:2 | Identified the +6 mace "Lockouwn" {drain, rF+ Str-3 Dex+3}
 70683 | Depths:2 | Found Ethoint's General Store.
 70687 | Depths:2 | Bought a scroll of fear for 68 gold pieces
 70689 | Depths:2 | Found a one-way gate leading to the halls of Pandemonium.
 71898 | Depths:3 | Noticed Vv
 72181 | Depths:3 | Found a shadowy altar of Dithmenos.
 72399 | Depths:3 | Noticed a golden dragon
 72408 | Depths:2 | Killed a golden dragon
 73660 | Depths:3 | Found a one-way gateway to a ziggurat.
 73801 | Depths:4 | Entered Level 4 of the Depths
 73830 | Depths:4 | Reached skill level 21 in Fighting
 73999 | Depths:4 | Reached XP level 22. HP: 213/213 MP: 35/45
 75504 | Depths:4 | Found a radiant altar of Vehumet.
 75555 | Depths:4 | Identified the +2 great mace "Vaovongu" {venom, Int+4}
 75650 | Depths:4 | Found a gate to the Realm of Zot.
 75656 | Depths:4 | Upgraded the game from 0.32-a0-30-gefbe487952 to
                  | 0.32-a0-33-g74fbe469d6
 75863 | Vaults:3 | Bought a glowing scarf for 312 gold pieces
 75963 | Vaults:5 | Entered Level 5 of the Vaults
 75972 | Vaults:5 | Noticed a golden dragon
 75976 | Vaults:5 | Killed a golden dragon
 76594 | Vaults:5 | Noticed a golden dragon
 76706 | Vaults:5 | Reached skill level 10 in Shields
 76713 | Vaults:5 | Killed a golden dragon
 76867 | Vaults:5 | Got a silver rune of Zot
 76870 | Vaults:5 | Identified the +9 spear of Nyx Dat {freeze, *Rage rN+
                  | rCorr}
 76926 | Vaults:5 | Reached skill level 22 in Fighting
 77975 | Vaults:5 | Identified the staff of Grim Conscience {Int+3 Conj Ice}
 78659 | Vaults:5 | Identified the +6 arbalest "Pydaepo" {penet, rN+}
 79149 | Vaults:5 | Got the Parchment of Wounds
 79153 | Vaults:5 | Identified the +3 morningstar of Annoyance {venom, ^Contam
                  | rElec Will+++ MP+9}
 79200 | Vaults:5 | Reached XP level 23. HP: 181/183 MP: 28/46
 79262 | Vaults:5 | Acquired the scarf of the Clam {rC+ rF+, rPois rN+}
 79419 | Vaults:5 | Identified the ring of Ammuna {Fly EV+5 Str+2}
 80063 | Zot:1    | Entered Level 1 of the Realm of Zot
 81030 | Zot:1    | Reached skill level 23 in Fighting
 82714 | Zot:1    | Got the Discursus on Momentum
 84161 | Zot:2    | Reached skill level 24 in Fighting
 84410 | Zot:2    | Noticed a Killer Klown
 84410 | Zot:2    | Noticed a Killer Klown
 84410 | Zot:2    | Noticed a Killer Klown
 84415 | Zot:2    | Killed a Killer Klown
 84436 | Zot:2    | Killed a Killer Klown
 84543 | Zot:2    | Killed a Killer Klown
 84970 | Zot:3    | Noticed an orb of fire
 84970 | Zot:3    | Gained mutation: You are frail. (-10% HP) [an orb of fire]
 84979 | Zot:3    | Gained mutation: You are weak. (Str -2) [an orb of fire]
 84980 | Zot:3    | Gained mutation: Your magical capacity is low. (-10% MP)
                  | [an orb of fire]
 84981 | Zot:3    | Killed an orb of fire
 85110 | Zot:2    | Lost mutation: You are frail. (-10% HP) [potion of
                  | mutation]
 85110 | Zot:2    | Lost mutation: You are weak. (Str -2) [potion of mutation]
 85110 | Zot:2    | Lost mutation: Your magical capacity is low. (-10% MP)
                  | [potion of mutation]
 85110 | Zot:2    | Gained mutation: You possess an exceptional clarity of
                  | mind. [potion of mutation]
 85110 | Zot:2    | Gained mutation: You are frail. (-10% HP) [potion of
                  | mutation]
 85110 | Zot:2    | Lost mutation: You are frail. (-10% HP) [potion of
                  | mutation]
 85781 | Zot:3    | You are sucked into a shaft and drop 1 floor!
 85805 | Zot:4    | Reached XP level 24. HP: 164/238 MP: 36/46
 85806 | Zot:4    | Gained mutation: Your magical capacity is low. (-10% MP)
                  | [mutagenic glow]
 85808 | Zot:4    | Noticed a Killer Klown
 88109 | Zot:4    | Killed a Killer Klown
 88256 | Zot:4    | Reached skill level 15 in Dodging
 88463 | Zot:4    | Identified the ring of Gike {Fire rElec rN+ Str-5 Dex+5}
 89560 | Zot:4    | Learned a level 2 spell: Blink
 90342 | Vaults:1 | Found a transporter.
 90658 | D:15     | Reached skill level 25 in Fighting
 90666 | D:15     | Killed Wonk's ghost
 91208 | Zot:5    | Entered Level 5 of the Realm of Zot
 93717 | Zot:5    | Noticed a Killer Klown
 93739 | Zot:5    | Killed a Killer Klown
 93868 | Zot:5    | Noticed an ancient lich
 93868 | Zot:5    | Noticed a dread lich
 94028 | Zot:5    | Noticed a dread lich
 94029 | Zot:5    | Noticed a Killer Klown
 94033 | Zot:5    | Noticed an ancient lich
 94035 | Zot:5    | Noticed an orb of fire
 94040 | Zot:5    | Killed a Killer Klown
 94411 | Zot:5    | Reached XP level 25. HP: 226/250 MP: 31/41
 94655 | Zot:5    | Noticed an ancient lich
 94666 | Zot:5    | Gained mutation: You occasionally lose the ability to read
                  | scrolls when taking damage. [an orb of fire]
 94667 | Zot:5    | Gained mutation: You do not regenerate when monsters are
                  | visible. [an orb of fire]
 94668 | Zot:5    | Killed an orb of fire
 94752 | Zot:4    | Lost mutation: You possess an exceptional clarity of mind.
                  | [potion of mutation]
 94752 | Zot:4    | Lost mutation: You occasionally lose the ability to read
                  | scrolls when taking damage. [potion of mutation]
 94753 | Zot:4    | Lost mutation: Your magical capacity is low. (-10% MP)
                  | [potion of mutation]
 94753 | Zot:4    | Lost mutation: You do not regenerate when monsters are
                  | visible. [potion of mutation]
 94753 | Zot:4    | Gained mutation: Your spells are a little easier to cast,
                  | but a little less powerful. [potion of mutation]
 94753 | Zot:4    | Gained mutation: Your mind is acute. (Int +4, Str/Dex -1)
                  | [potion of mutation]
 94753 | Zot:4    | Gained mutation: You are strong-willed. (Will+) [potion of
                  | mutation]
 94898 | Zot:5    | Killed an ancient lich
 95036 | Zot:5    | Killed an ancient lich
 95164 | Zot:5    | Noticed an ancient lich
 95165 | Zot:5    | Noticed an orb of fire
 95166 | Zot:5    | Noticed an ancient lich
 95175 | Zot:5    | Gained mutation: You are vulnerable to heat. (rF-) [an orb
                  | of fire]
 95178 | Zot:5    | Killed an ancient lich
 95178 | Zot:5    | Gained mutation: Your spells are easier to cast, but less
                  | powerful. [an orb of fire]
 95180 | Zot:5    | Gained mutation: You are occasionally teleported next to
                  | monsters. [an orb of fire]
 95184 | Zot:5    | Killed an orb of fire
 95207 | Zot:5    | Killed an ancient lich
 95231 | Zot:5    | Lost mutation: Your spells are easier to cast, but less
                  | powerful. [potion of mutation]
 95231 | Zot:5    | Lost mutation: Your spells are a little easier to cast, but
                  | a little less powerful. [potion of mutation]
 95231 | Zot:5    | Lost mutation: You are strong-willed. (Will+) [potion of
                  | mutation]
 95231 | Zot:5    | Gained mutation: Your tail ends in a venomous barb. [potion
                  | of mutation]
 95231 | Zot:5    | Gained mutation: You have sharp toenails. [potion of
                  | mutation]
 95232 | Zot:5    | Lost mutation: Your tail ends in a venomous barb. [potion
                  | of mutation]
 95232 | Zot:5    | Lost mutation: Your mind is acute. (Int +4, Str/Dex -1)
                  | [potion of mutation]
 95232 | Zot:5    | Gained mutation: You are agile. (Dex +4, Str/Int -1)
                  | [potion of mutation]
 95232 | Zot:5    | Gained mutation: You are partially covered in large bone
                  | plates. (SH +4) [potion of mutation]
 95233 | Zot:5    | Lost mutation: You are partially covered in large bone
                  | plates. (SH +4) [potion of mutation]
 95233 | Zot:5    | Lost mutation: You have sharp toenails. [potion of
                  | mutation]
 95233 | Zot:5    | Lost mutation: You are vulnerable to heat. (rF-) [potion of
                  | mutation]
 95233 | Zot:5    | Gained mutation: Your muscles are strong. (Str +4, Int/Dex
                  | -1) [potion of mutation]
 95296 | Zot:5    | Killed an ancient lich
 95421 | Zot:5    | Noticed a Killer Klown
 95433 | Zot:5    | Reached skill level 26 in Fighting
 95502 | Zot:5    | Killed a Killer Klown
 95576 | Zot:5    | Noticed a Killer Klown
 95582 | Zot:5    | Killed a Killer Klown
 95744 | Zot:5    | Noticed an orb of fire
 95753 | Zot:5    | Gained mutation: You occasionally lose the ability to drink
                  | potions when taking damage. [an orb of fire]
 95756 | Zot:5    | Killed an orb of fire
 95783 | Zot:5    | Killed a dread lich
 95794 | Zot:5    | Noticed a Killer Klown
 95798 | Zot:5    | Killed a Killer Klown
 95939 | Zot:5    | Killed a dread lich
 96162 | Zot:5    | Noticed an ancient lich
 96167 | Zot:5    | Killed an ancient lich
 96168 | Zot:5    | Reached skill level 15 in Shields
 96436 | Zot:5    | Noticed an ancient lich
 96585 | Zot:5    | Killed an ancient lich
 96709 | Zot:5    | Got the Orb of Zot
 96774 | Zot:5    | Noticed Siovatek the pandemonium lord
 96880 | Zot:1    | Noticed Beenyth the pandemonium lord
 96935 | Depths:2 | Noticed Ukasoyro the pandemonium lord
 97262 | D:$      | Escaped with the Orb!

Illustrated notes

Levels and vault maps discovered:
D:1:      minmay_arrival_stone_box, layout_basic, serial_shops, shop
D:2:      layout_loops_ring, lightli_corner_chamber
D:3:      minmay_spotlight, layout_rooms, mainiacjoe_overflow_six_doors_small,
          grunt_temple_overflow_cloverleaf,
          hellmonk_ecumenical_altar_inner_sanctum, uniq_sigmund
D:4:      layout_basic, lemuel_coloured_pillars_altar, uniq_menkaure
D:5:      layout_rooms, portal_sewer_entry_b, uniq_ijyb
D:6:      layout_gridville, uniq_eustachio
D:7:      layout_cave_pods, minmay_temple_entry_glass
D:8:      layout_loops_corners, tgw_kikubaaqudgha, erik_lair_orcish_takeover,
          uniq_maggie
D:9:      layout_long_grid, serial_undead, serial_undead_a, serial_undead_a,
          serial_undead_d, serial_undead_d, serial_undead_f,
          nicolae_diode_quadrants, uniq_jeremiah
D:10:     layout_basic, led_sif_book, serial_corexii_hall,
          corexii_hall_statues_i, chequers_hall_statues_wall_a,
          corexii_hall_statues_l, corexii_hall_statues_s,
          corexii_hall_statues_x, corexii_hall_statues_x,
          mrwooster_statue_mirror
D:11:     layout_basic, grunt_ministairs_12, solitary_fountain
D:12:     cheibrodos_tormentor_scu, layout_long_grid, hiddenorc2_lemuel,
          chequers_hall_statues_y, fungi_pond_lemuel, uniq_rupert
D:13:     nzn_winding_woodlands_huge [nzn_winding_woodlands_5x15_default,
          nzn_winding_woodlands_5x15_sidewinder,
          nzn_winding_woodlands_5x15_split_checker,
          nzn_winding_woodlands_5x15_crooked,
          nzn_winding_woodlands_5x15_sawtooth,
          nzn_winding_woodlands_5x15_garden, nzn_winding_woodlands_5x15_twine,
          nzn_winding_woodlands_5x15_pockets, nzn_winding_woodlands_5x15_eye,
          nzn_winding_woodlands_5x15_parted,
          nzn_winding_woodlands_center_pierced_h,
          nzn_winding_woodlands_center_lodge,
          nzn_winding_woodlands_15x15_killbox], layout_irregular_city,
          nicolae_shop_i_like_big_books
D:14:     layout_stronghold, hellmonk_vaults_keyhole, serial_shops,
          nicolae_shop_pleasant_corner_grove, uniq_jorgrun
D:15:     gammafunk_depths_entry_grave, layout_small_grid, gammafunk_ghost_ooze,
          nicolae_ashenzari_skybound, uniq_josephine
Temple:   compressed_dpeg_circular_temple
Lair:1:   lemuel_reptile_caves, layout_loops_ring, ebering_ghost_rock_garden,
          chequers_serial_rivers_small_b, wad_woods_road_03
Lair:2:   layout_layer_cave, minmay_snake_entry_guardpost_medium
Lair:3:   layout_hall_layers, minmay_swamp_entry_wisps,
          nicolae_quartered_pool_little, infiniplex_staircase_pool_2,
          grunt_megastairs_3, uniq_nessos
Lair:4:   layout_regular_city, slime_entry_1
Lair:5:   minmay_lair_end_frog_pond, layout_long_grid, serial_bayou_shore_a
Swamp:1:  layout_basic_swamp, evilmike_swamp_ruin_house_4
Swamp:2:  layout_falls_marsh, evilmike_swamp_ruin_house_5
Swamp:3:  layout_basic_swamp, nicolae_swamp_little_tower
Swamp:4:  swamp_alternative, layout_basic_swamp, nicolae_swamp_necromancer_hut
Snake:1:  layout_layer_cave, serial_shops, shop, serial_nicolae_subway,
          nicolae_sub_station_stone, nicolae_sub_station_metal,
          nicolae_sub_station_crystal, minmay_shop_grove, lemuel_fruit_tree,
          grunt_megastairs_4, uniq_aizul
Snake:2:  layout_basic, uniq_roxanne
Snake:3:  kennysheep_snake, layout_onion, statue_in_the_mist_lemuel
Snake:4:  grunt_snake_rune_pools, layout_cave_shapes,
          nrook_guardian_serpent_double, uniq_vashnia
Orc:1:    layout_caves, basic_altar
Orc:2:    st_orc_mages, layout_caves, portal_ice_cave_demonic_guard
Elf:1:    minmay_elf_arrival_circle, layout_gridlike, basic_altar,
          minmay_elf_sorcery, minmay_curled_crystal,
          dreamdust_princess_corridor, grunt_megastairs_5,
          lemuel_upstairs_altar, uniq_agnes
Elf:2:    nicolae_elf_blades_splatter_lattice [mumra_blade_entry_dagger],
          layout_loops_ring, serial_shops, shop
Vaults:1: gammafunk_ghost_abyssal_escape, nicolae_vaults_closet_pinwheel_5,
          dpeg_vaults_monster_row, vaults_dpeg_cross,
          nicolae_vaults_diagonal_hallway_8, v_misc_27,
          nicolae_vaults_little_squares_3, nicolae_vaults_shipping_containers_3,
          vaults_room_stairs_pillars, nicolae_vaults_yaktaur_gun_rack,
          layout_vaults_big_room, serial_shops, nicolae_shop_stone
Vaults:2: nicolae_vaults_hallways_thing, nicolae_vaults_tetromino_L_1,
          v_pattern_1, hangedman_vaults_maws, minmay_crypt_entry_simple_round,
          v_misc_9, vaults_mumra_lcd, nicolae_vaults_little_squares_5,
          ontoclasm_vaults_gateway, nicolae_vaults_theta,
          nicolae_vaults_little_squares_5, layout_vaults_omnigrid, uniq_sojobo,
          uniq_mara
Vaults:3: nicolae_vaults_little_squares_1, nicolae_vaults_house_3,
          ontoclasm_vaults_bender, vaults_dpeg_diagonal,
          nicolae_vaults_little_squares_4, nicolae_vaults_security_offices_1,
          nicolae_vaults_tetromino_T_1, vaults_room_pools, v_misc_10,
          hangedman_vaults_variations, ontoclasm_vaults_ligature, v_pattern_5,
          grunt_vaults_twisty, nicolae_vaults_wine_cellar,
          nicolae_vaults_trapezoid_1, layout_vaults_omnicross, serial_shops,
          nicolae_shop_trees
Vaults:4: vaults_room_guarded_vault, hangedman_vaults_corner,
          nicolae_vaults_trapezoid_layered,
          nicolae_vaults_doubleplus_tesselated, nicolae_vaults_tangram_2,
          vaults_room_fancy_cross, nicolae_vaults_big_ls, v_misc_25,
          hangedman_vaults_maws, hangedman_vaults_restitches,
          layout_vaults_maze, enter_trove_5
Vaults:5
Depths:1: layout_cave_shapes, abyss_entry, hell_entry,
          serial_sigils_hangedman_clutch, grunt_ministairs_1, minmay_acid_items,
          minmay_shop_star
Depths:2: impenetrable_vault, layout_twisted_cross, pan_entry,
          hangedman_coc_ice_floe, serial_shops, nicolae_shop_rolling_square,
          minivault_14, abyss_entry, grunt_megastairs_2,
          minmay_staircase_statues_hall_small
Depths:3: nicolae_hitomezashi [nicolae_hito_row, nicolae_hito_row,
          nicolae_hito_row, nicolae_hito_row, nicolae_hito_row,
          nicolae_hito_row, nicolae_hito_row, nicolae_hito_row,
          nicolae_hito_row, nicolae_hito_row, nicolae_hito_row,
          nicolae_hito_row, nicolae_hito_row, nicolae_hito_row,
          nicolae_hito_row, nicolae_hito_row, nicolae_hito_row,
          nicolae_hito_row], layout_gridlike, enter_ziggurat_d,
          grunt_dithmenos_smoke_and_mirrors, abyss_entry_glasseish, hell_entry,
          minivault_21, grunt_ministairs_2, serial_bayou_shore_b,
          infiniplex_staircase_zigzag_4, uniq_vv
Depths:4: grunt_zot_entry_alcove, layout_small_grid, serial_glass,
          glass_columns_c, glass_columns_b, hangedman_geh_valley,
          grunt_decor_cap, nicolae_vehumet_altar_sigil
Zot:1:    nicolae_zot_stationary_front, layout_misc_corridors,
          regret_index_zotdec_split_disrupt
Zot:2:    circus_mu, layout_twisted_circle, bh_zot_ikea_curve, st_stairs_14
Zot:3:    layout_cathedral_of_symmetry, regret_index_zotdec_golden_two_three
Zot:4:    layout_onion
Zot:5:    layout_concentric_octagons, st_stairs_14

Skill      XL: |  1  2  3  4  5  6  7  8  9 10 11 12 13 14 15 16 17 18 19 20 21 22 23 24 25 |
---------------+----------------------------------------------------------------------------+-----
Spellcasting   | 3 4 5 6 8 9 10 11 13 14 15 17 18 19 | 19.5
Conjurations   | 5 6 7 9 11 13 14 15 16 17 18 19 20 21 22 | 22.9
Dodging        | 5 8 10 12 13 14 16 17 | 17.2
Fighting       | 6 9 11 14 16 17 18 19 21 22 24 25 26 | 26.4
Air Magic      | 2 6 10 12 13 14 16 17 | 17.8
Shields        | 4 7 10 11 13 15 | 15.3
Stealth        | |  1.7

Action                     |  1- 3 |  4- 6 |  7- 9 | 10-12 | 13-15 | 16-18 | 19-21 | 22-24 | 25-27 || total
---------------------------+-------+-------+-------+-------+-------+-------+-------+-------+-------++-------
  Melee: Whip              |       |       |    13 |     2 |     9 |       |       |     7 |       ||    31
         Tailslap          |       |       |     5 |       |     5 |     1 |       |     3 |     1 ||    15
         Staff             |       |       |       |     1 |     8 |     7 |     5 |     5 |     6 ||    32
   Cast: Magic Dart        |    53 |   105 |   119 |    52 |       |     1 |       |       |       ||   330
         Searing Ray       |     7 |    14 |    61 |    35 |       |       |       |       |       ||   117
         Fulminant Prism   |       |       |    15 |    86 |     3 |     1 |     1 |       |       ||   106
         Iskenderun's Myst |       |       |     8 |   171 |   267 |   149 |    63 |   180 |     9 ||   847
         Airstrike         |       |       |       |    22 |   299 |   287 |   155 |    95 |     1 ||   859
         Hailstorm         |       |       |       |       |    25 |       |       |       |       ||    25
         Irradiate         |       |       |       |       |     7 |       |    23 |     2 |       ||    32
         Conjure Ball Ligh |       |       |       |       |    59 |   114 |   129 |   106 |    13 ||   421
         Arcjolt           |       |       |       |       |    11 |    61 |   158 |   115 |    11 ||   356
         Freezing Cloud    |       |       |       |       |       |   144 |    29 |    76 |       ||   249
         Bombard           |       |       |       |       |       |    13 |    13 |    25 |     6 ||    57
         Orb of Destructio |       |       |       |       |       |     7 |   159 |   265 |    89 ||   520
Ability: Breathe Lightning |       |       |     1 |     1 |     3 |     1 |       |       |       ||     6
  Evoke: Wand              |       |       |       |     4 |     8 |     1 |     1 |    14 |    13 ||    41
         Lightning rod     |       |       |       |       |     2 |     3 |     2 |     1 |       ||     8
         Phantom mirror    |       |       |       |       |       |       |     1 |       |       ||     1
    Use: Scroll            |       |       |    14 |     4 |    16 |     8 |     7 |    25 |     1 ||    75
         Potion            |       |       |       |     2 |     4 |     4 |     1 |    15 |    29 ||    55
   Stab: Distracted        |       |       |       |       |       |       |     1 |       |       ||     1
 Armour: Skin              |     4 |    10 |    88 |   205 |   210 |   335 |   422 |   542 |    54 ||  1870
  Dodge: Dodged            |     4 |    10 |    72 |   114 |    95 |    68 |   111 |   178 |    24 ||   676
  Block: Other             |       |       |       |       |    19 |       |       |       |       ||    19
         Kite shield       |       |       |       |       |    16 |   162 |   234 |   285 |    60 ||   757
         Reflection        |       |       |       |       |     5 |    81 |    65 |    30 |     6 ||   187

Table legend: (Time is in decaauts)
 A = Elapsed time spent in this place.
 B = Non-inter-level travel time spent in this place.
 C = Inter-level travel time spent in this place.
 D = Time resting spent in this place.
 E = Time spent auto-exploring this place.
 F = Levels seen in this place.
 G = Mean time per level.
                   A        B        C        D        E       F      G
               +--------+--------+--------+--------+--------+-----+--------+
         Total |  97571 |  91030 |   6541 |  41831 |  23001 |  48 | 2032.7 |
       Dungeon |  26963 |  24129 |   2834 |   9406 |   9882 |  15 | 1797.5 |
        Temple |     20 |     11 |      9 |      0 |      0 |   1 |   20.0 |
          Lair |   9776 |   9026 |    750 |   3725 |   3328 |   5 | 1955.2 |
         Swamp |   5323 |   5119 |    204 |   2417 |   1078 |   4 | 1330.8 |
     Snake Pit |  10346 |   9871 |    475 |   4578 |   2982 |   4 | 2586.5 |
  Orcish Mines |   3034 |   2810 |    224 |   1244 |    824 |   2 | 1517.0 |
   Elven Halls |   4570 |   4370 |    200 |   2105 |   1211 |   2 | 2285.0 |
        Vaults |  14763 |  14063 |    700 |   6550 |   2006 |   5 | 2952.6 |
        Depths |   7368 |   6758 |    610 |   3260 |    948 |   4 | 1842.0 |
           Zot |  14907 |  14375 |    532 |   8433 |    494 |   5 | 2981.4 |
         Sewer |    498 |    498 |      0 |    112 |    247 |   1 |  498.0 |
               +--------+--------+--------+--------+--------+-----+--------+

Top non-repeatable levels by time:
 Snake:3: 4655 daAuts
    D:13: 3867 daAuts
Vaults:5: 3698 daAuts
   Zot:5: 3618 daAuts
     D:8: 3163 daAuts
   Zot:4: 3132 daAuts
Vaults:4: 3053 daAuts
Vaults:1: 3032 daAuts
   Zot:1: 2994 daAuts
Depths:2: 2886 daAuts
   Elf:1: 2880 daAuts
    D:14: 2737 daAuts
  Lair:2: 2726 daAuts
Vaults:2: 2687 daAuts
   Zot:3: 2682 daAuts
